 Dungeon Crawl Stone Soup version 0.28.0-53-g5a82cb258f (webtiles) character file.

Game seed: 14247273776601982928

800 Zeld the Skirmisher (level 7, -10/63 HPs)
             Began as a Hill Orc Fighter on May 27, 2022.
             Was a Follower of Beogh.
             Mangled by Prince Ribbit (14 damage)
             ... on level 5 of the Dungeon.
             The game lasted 00:02:53 (5347 turns).

Zeld the Skirmisher (Hill Orc Fighter)              Turns: 5347, Time: 00:02:53

Health: -10/63     AC: 15    Str: 21    XL:     7   Next: 90%
Magic:  7/7        EV:  6    Int:  8    God:    Beogh [*.....]
Gold:   214        SH:  5    Dex: 10    Spells: 6/6 levels left

rFire   . . .      SeeInvis .   a - +0 war axe
rCold   . . .      Faith    .   c - +0 buckler
rNeg    . . .      Spirit   .   b - +0 plate armour
rPois   .          Reflect  .   (no helmet)
rElec   .          Harm     .   (no cloak)
rCorr   .          Rampage  .   m - +2 pair of gloves
Will    .....                   (no boots)
Stlth   ..........              (no amulet)
HPRegen 0.20/turn               (no ring)
MPRegen 0.10/turn               (no ring)

@: no status effects
A: no striking features
a: Renounce Religion


You were on level 5 of the Dungeon.
You worshipped Beogh.
Beogh was aware of your devotion.
You visited 1 branch of the dungeon, and saw 5 of its levels.

You collected 214 gold pieces.

Inventory:

Hand Weapons
 a - a +0 war axe (weapon)
Armour
 b - a +0 plate armour (worn)
 c - a +0 buckler (worn)
 m - a +2 pair of gloves (worn)
Jewellery
 g - a ring of protection from cold
Scrolls
 l - a scroll of magic mapping {unknown}
 p - a scroll of enchant armour {unknown}
 q - a scroll of brand weapon {unknown}
 r - 2 scrolls of teleportation {unknown}
 s - a scroll of identify {unknown}
 t - a scroll of immolation {unknown}
Potions
 d - a potion of might
 e - a potion of magic {unknown}
 f - a potion of invisibility {unknown}
 h - 3 potions of brilliance {unknown}
 i - 3 potions of degeneration {unknown}
 j - a potion of haste {unknown}
 k - a potion of resistance {unknown}
 o - a potion of heal wounds {unknown}
 u - 2 potions of curing {unknown}


   Skills:
 * Level 6.2 Fighting
 * Level 6.1 Axes
 + Level 4.6 Armour
 + Level 2.0 Dodging
 * Level 5.8 Shields


You had 6 spell levels left.
You didn't know any spells.
Your spell library was empty.

Dungeon Overview and Level Annotations

Branches:
Dungeon (5/15)
 Temple: D:4-7

Altars:
Gozag
Kikubaaqudgha
Uskayaw
Wu Jian
Yredelemnul
The Shining One

Annotations:
D:5 Prince Ribbit


Message History

You destroy the necrophage!
Beogh accepts your kill.
Prince Ribbit hits you but does no damage.
Your Axes skill increases to level 6!
Your Dodging skill increases to level 2!
You hit Prince Ribbit.
Prince Ribbit is severely wounded.
You block Prince Ribbit's attack.
Prince Ribbit lets out a mournful croak.
Prince Ribbit hits you but does no damage.
You miss Prince Ribbit.
Prince Ribbit is severely wounded.
Prince Ribbit completely misses you.
You miss Prince Ribbit.
Prince Ribbit is severely wounded.
Prince Ribbit barely misses you.
Prince Ribbit hits you but does no damage.
You barely miss Prince Ribbit.
Prince Ribbit is severely wounded.
Prince Ribbit hits you.
Prince Ribbit hits you but does no damage.
You miss Prince Ribbit.
Prince Ribbit is severely wounded.
You block Prince Ribbit's attack. Prince Ribbit hits you!
You closely miss Prince Ribbit.
Prince Ribbit is severely wounded.
Prince Ribbit hits you.
* * * LOW HITPOINT WARNING * * *
You closely miss Prince Ribbit.
Prince Ribbit is severely wounded.
Prince Ribbit hits you.
* * * LOW HITPOINT WARNING * * *
Prince Ribbit hits you!
* * * LOW HITPOINT WARNING * * *
Unknown command.
You slash Prince Ribbit!
Prince Ribbit is almost dead.
Prince Ribbit hits you but does no damage.
Prince Ribbit hits you!
You die...

.
####################$...
................@F...#
###............#####....
....##########.# . .####
#.# .# #.# ## #.# # #.#
# #.# # #.#


You could see Prince Ribbit.

Vanquished Creatures
  A water moccasin (D:5)
  A hornet zombie (D:5)
  An ice beast (D:5)
  2 necrophages (D:5)
  An ogre (D:5)
  An orc priest (D:4)
  2 hounds
  2 iguanas (D:4)
  2 orc wizards (D:4)
  A howler monkey skeleton (D:5)
  4 adders
  A white imp (D:5)
  An ufetubus (D:4)
  A worm (D:4)
  A dart slug (D:2)
  5 orcs
  4 bats
  6 endoplasms
  6 giant cockroaches
  3 goblins (D:3)
  4 hobgoblins
  6 jackals
  3 kobolds
  4 quokkas
  4 ball pythons
  4 frilled lizards
  A quokka skeleton (D:4)
  5 rats
77 creatures vanquished.

Vanquished Creatures (others)
  An orc priest (D:4)
1 creature vanquished.

Grand Total: 78 creatures vanquished

Notes
Turn   | Place    | Note
-------+----------+-------------------------------------------
     0 | D:1      | Zeld the Hill Orc Fighter began the quest for the Orb.
     0 | D:1      | Reached XP level 1. HP: 19/19 MP: 1/1
   168 | D:1      | Reached XP level 2. HP: 27/27 MP: 2/2
   970 | D:2      | Reached XP level 3. HP: 33/33 MP: 3/3
  1044 | D:2      | Found a faded altar of an unknown god.
  1662 | D:3      | Found an ornate altar of the Wu Jian Council.
  1732 | D:3      | Reached XP level 4. HP: 14/41 MP: 4/4
  1963 | D:3      | Found an ancient bone altar of Kikubaaqudgha.
  2052 | D:3      | Found a glowing golden altar of the Shining One.
  2090 | D:3      | Found a basalt altar of Yredelemnul.
  2612 | D:4      | Found a hide-covered altar of Uskayaw.
  2638 | D:4      | Reached XP level 5. HP: 11/47 MP: 5/5
  2757 | D:4      | Reached skill level 1 in Dodging
  3096 | D:4      | Became a worshipper of Beogh the Brigand
  4197 | D:4      | Reached skill level 5 in Fighting
  4197 | D:4      | Reached XP level 6. HP: 34/56 MP: 6/6
  4389 | D:4      | Identified the +0 ring mail of Autumn {rF+}
  4440 | D:5      | Entered Level 5 of the Dungeon
  4704 | D:5      | Noticed a water moccasin
  4714 | D:5      | Killed a water moccasin
  4715 | D:5      | Reached skill level 5 in Axes
  4715 | D:5      | Reached skill level 5 in Shields
  4715 | D:5      | Reached XP level 7. HP: 51/61 MP: 7/7
  5275 | D:5      | Found an opulent altar of Gozag.
  5327 | D:5      | Noticed Prince Ribbit
  5339 | D:5      | Reached * piety under Beogh
  5346 | D:5      | HP: 3/63 [Prince Ribbit (13)]
  5347 | D:5      | Mangled by Prince Ribbit

Illustrated notes

Levels and vault maps discovered:
D:1:      mrwooster_arrival_statue, layout_rooms
D:2:      layout_rooms, hellmonk_ecumenical_altar_run_dry, minmay_hedge_maze,
          roderic_lattice_a
D:3:      layout_basic, yredelemnul_altar_generic, kiku_gazebo_pond_becter,
          mainiacjoe_overflow_cross_hatched, tso_metal_star, eino_tiny_chamber,
          interstate_on_off
D:4:      layout_gridville, eat_drink_and_be_merry_uskayaw,
          hangedman_decor_lopped
D:5:      layout_loops_ring, nicolae_gozag_cash_rules_everything_around_me,
          uniq_crazy_yiuf_cottage, uniq_prince_ribbit1

Skill      XL: |  1  2  3  4  5  6  7 |
---------------+----------------------+-----
Axes           | 3 4 5 6 |  6.1
Fighting       | 4 5 6 |  6.2
Shields        | 4 5 |  5.8
Dodging        | 1 2 |  2.0
Armour         | 4 |  4.6

Action                   |  1- 3 |  4- 6 |  7- 9 || total
-------------------------+-------+-------+-------++-------
Melee: War axe           |   126 |   155 |    49 ||   330
Invok: Convert to Beogh  |       |     1 |       ||     1
Armor: Scale mail        |    54 |       |       ||    54
       Plate armour      |    41 |   110 |    25 ||   176
Dodge: Dodged            |    59 |    53 |    11 ||   123
Block: Buckler           |    25 |    30 |    11 ||    66
